AoeStats
← 帝国的铁汉

Arabia

507312855Analyzed
3v3 RM · 15d ago on Sep 17, 2026· 30m 11s· 6 players
Game mode
Random Map
Map size
Normal (6 player)
Population
200
Speed
Normal
Resources
Standard
Victory
Conquest
Starting age
Dark Age
Ending age
Imperial Age
RankedLock teamsTeams togetherTeam positionsShared explorationLock speedFull tech treeHidden civsTurbo modeCheats
Victory
Defeat
🇪🇸 Persians · Spain
1302
+17
🇪🇸 Spanish · Spain
1300
+17
🇲🇽 Shu · Mexico
1275
+18
🇨🇳 Ethiopians · China
1409
-22
🇨🇳 Vietnamese · China
1360
-19
🇨🇳 Franks · China
1168
-11
Nataly_
5:55 Loom
9:50 Feudal Age
10:01 Man-at-Arms
10:28 Double-Bit Axe
12:25 Wheelbarrow
15:34 Fletching
16:04 Padded Archer Armor
20:49 Castle Age
20:39 Gold Mining
21:43 Bow Saw
21:30 Bodkin Arrow
20:57 Crossbowman
22:21 Thumb Ring
22:51 Leather Archer Armor
24:19 Ballistics
MISTER COLLEJAS
2:31 Loom
11:48 Feudal Age
16:03 Castle Age
15:37 Double-Bit Axe
15:38 Horse Collar
30:23 Padded Archer Armor
30:32 Husbandry
MTC
6:18 Loom
9:13 Feudal Age
10:05 Double-Bit Axe
13:17 Wheelbarrow
19:52 Castle Age
18:39 Bloodlines
18:57 Forging
18:51 Horse Collar
19:21 Scale Barding Armor
30:32 Heavy Plow
帝国的铁汉
11:37 Loom
13:55 Feudal Age
14:29 Man-at-Arms
20:04 Castle Age
19:05 Double-Bit Axe
19:12 Gold Mining
19:03 Horse Collar
19:49 Fletching
21:14 Elite Skirmisher
24:18 Pikeman
张小姐的先生
9:15 Loom
11:04 Feudal Age
16:06 Castle Age
13:54 Double-Bit Axe
19:01 Husbandry
24:20 Scale Barding Armor
欧阳没有偏旁
7:11 Loom
9:54 Feudal Age
10:38 Double-Bit Axe
15:53 Padded Archer Armor
16:48 Fletching
17:39 Horse Collar
24:14 Castle Age
23:15 Gold Mining
24:20 Crossbowman
27:09 Bodkin Arrow
28:04 Thumb Ring
Connection lost

Rejoining the realm…

Still unreachable

The connection could not be restored.

Session expired

The server has moved on; the page needs a fresh start.